 Dungeon Crawl Stone Soup version 0.29-a0-1033-gb6c65ffae6 (webtiles) character file.

Game seed: 256681516536859812

9 ytrimaz the Trooper (level 2, -2/24 HPs)
             Began as a Demonspawn Berserker on Aug 14, 2022.
             Was a Follower of Trog.
             Slain by a gnoll
             ... wielding a +0 whip of distortion
              (4 damage)
             ... on level 1 of the Dungeon.
             The game lasted 00:01:28 (564 turns).

ytrimaz the Trooper (Demonspawn Berserker)           Turns: 564, Time: 00:01:28

Health: -2/24      AC:  2    Str: 17    XL:     2   Next: 6%
Magic:  2/2        EV: 12    Int:  8    God:    Trog [*.....]
Gold:   33         SH:  0    Dex: 12    Spells: 1/1 levels left

rFire   . . .      SeeInvis .   a - +1 hand axe
rCold   . . .      Faith    .   (no shield)
rNeg    . . .      Spirit   .   b - +0 animal skin
rPois   .          Reflect  .   (no helmet)
rElec   .          Harm     .   (no cloak)
rCorr   .          Rampage  .   (no gloves)
Will    .....                   (no boots)
Stlth   +.........              (no amulet)
HPRegen 0.08/turn               (no ring)
MPRegen 0.08/turn               (no ring)

@: on berserk cooldown
A: powered by death 1
a: Renounce Religion, Berserk


You were on level 1 of the Dungeon.
You worshipped Trog.
Trog was aware of your devotion.
You visited 1 branch of the dungeon, and saw 1 of its levels.

You collected 33 gold pieces.

Inventory:

Hand Weapons
 a - a +1 hand axe (weapon)
Missiles
 c - 4 boomerangs (quivered)
Armour
 b - a +0 animal skin (worn)


   Skills:
 - Level 3.0 Fighting
 + Level 3.0 Axes
 * Level 0.6 Throwing
 - Level 1.7 Armour
 - Level 1.7 Dodging


You had one spell level left.
You didn't know any spells.
Your spell library was empty.

Dungeon Overview and Level Annotations

Branches:
Dungeon (1/15)

Altars:


Innate Abilities, Weirdness & Mutations

You regenerate a little health from kills.


Message History

Trog accepts your kill.
You aren't carrying any potions.
Blink to where?
Press: ? - help, Dir - move target, f - you Are you sure you want to cancel this blink?
Blink to where?
Press: ? - help, Dir - move target, f - you Are you sure you want to cancel this blink?
Blink to where?
Press: ? - help, Dir - move target
As you read the scroll labelled ZYFORA YNACWA, it crumbles to dust.
It was a scroll of blinking.
You closely miss the gnoll.
You feel yourself speed up.
The gnoll hits you with a +0 whip of distortion!
Space warps horribly around you!
Ouch! That really hurt!
* * * LOW HITPOINT WARNING * * *
The gnoll misses you.
You hit the gnoll.
The gnoll is moderately wounded.
The gnoll barely misses you.
Unknown command.
You hit the gnoll.
The gnoll is heavily wounded.
The gnoll hits you but does no damage. The gnoll closely misses you.
Unknown command.
You hit the gnoll. You punch the gnoll.
The gnoll is severely wounded.
The gnoll closely misses you.
You aren't carrying any potions.
As you read the scroll labelled ZILOMMOSYE, it crumbles to dust.
It is a scroll of enchant weapon.
Your +0 hand axe glows red for a moment.
The gnoll barely misses you.
Unknown command.
You hit the gnoll.
The gnoll is almost dead.
The gnoll hits you with a +0 whip of distortion.
You die...

#g# ♣♣♣♣♣♣~.~PP.♣P♣♣ #.#
~~~~~~~.~~~~~~~~ #.#
#######'######### #.#
#.........##+## ##.#
#####.#####...## #..##
#.......#.....# # #.#.##
##.##.##........
###....###########..)).##........
+..............g@.......+........
###....###########...####...÷....
# #.#.## #..#####........ #..##
#........#.....# # ##.#
#.#########...## # #.# #.# ##'##
# #.# ##.####### #.# # #.#
#........# #.# ####.#
#..#####.####.###


You could see a gnoll.

Vanquished Creatures
  An endoplasm (D:1)
  2 goblins (D:1)
  A hobgoblin (D:1)
  A quokka (D:1)
  2 ball pythons (D:1)
  2 rats (D:1)
9 creatures vanquished.

Notes
Turn   | Place    | Note
-------+----------+-------------------------------------------
     0 | D:1      | ytrimaz the Demonspawn Berserker began the quest for the
                  | Orb.
     0 | D:1      | Reached XP level 1. HP: 18/18 MP: 1/1
   409 | D:1      | Gained mutation: You regenerate a little health from kills.
                  | [demonic ancestry]
   409 | D:1      | Reached XP level 2. HP: 17/24 MP: 2/2
   564 | D:1      | Slain by a gnoll

Illustrated notes

Levels and vault maps discovered:
D:1:      lightli_arrival_farm, layout_loops_corners

Skill      XL: |  1 |
---------------+----+-----
Axes           | 3 |  3.0
Fighting       | |  3.0
Throwing       | |  0.6
Armour         | |  1.7
Dodging        | |  1.7

Action                   || total
-------------------------++-------
Melee: Hand axe          ||    32
       Punch             ||     1
Throw: Boomerang         ||     1
Invok: Berserk           ||     1
  Use: Scroll            ||     2
Armor: Animal skin       ||     6
Dodge: Dodged            ||    27

Table legend: (Time is in decaauts)
 A = Elapsed time spent in this place.
 B = Non-inter-level travel time spent in this place.
 C = Inter-level travel time spent in this place.
 D = Time resting spent in this place.
 E = Time spent auto-exploring this place.
 F = Levels seen in this place.
 G = Mean time per level.
                   A        B        C        D        E       F      G
               +--------+--------+--------+--------+--------+-----+--------+
         Total |    584 |    584 |      0 |     88 |    366 |   1 |  584.0 |
       Dungeon |    584 |    584 |      0 |     88 |    366 |   1 |  584.0 |
               +--------+--------+--------+--------+--------+-----+--------+

Top non-repeatable levels by time:
     D:1: 584 daAuts
